 Dungeon Crawl Stone Soup version 0.25-a0-1056-g2efb326896 (webtiles) character file.

Game seed: 11305503372530460211, levelgen mode: deterministic

560 Esekla the Slasher (level 7, 0/56 HPs)
             Began as a Formicid Abyssal Knight on May 13, 2020.
             Was a Priest of Lugonu.
             Slain by Duvessa
             ... wielding a +0 short sword
              (6 damage)
             ... on level 4 of the Dungeon.
             The game lasted 00:26:08 (3944 turns).

Esekla the Slasher (Formicid Abyssal Knight)        Turns: 3944, Time: 00:26:09

Health: 0/56       AC:  6    Str: 15 (16) XL:     7   Next: 57%
Magic:  9/9        EV: 11    Int: 13 (15) God:    Lugonu [***...]
Gold:   193        SH:  3    Dex: 10 (12) Spells: 6/6 levels left

rFire    . . .     SeeInvis +   a - +1 falchion
rCold    . . .     Gourm    .   g - +0 buckler
rNeg     . . .     Faith    .   b - +0 leather armour
rPois    .         Spirit   .   (helmet unavailable)
rElec    .         Reflect  .   (no cloak)
rCorr    .         Harm     .   (no gloves)
MR       .....                  (no boots)
Stlth    +.........             (no amulet)
HPRegen  0.18/turn              h - +3 ring of protection
MPRegen  0.11/turn              j - +3 ring of intelligence

@: no status effects
A: permanent stasis, dig shafts and tunnels, four strong arms, antennae 3
a: Dig, Shaft Self, Depart the Abyss, Bend Space, Banish, Renounce Religion


You were on level 4 of the Dungeon.
You worshipped Lugonu.
Lugonu was most pleased with you.
You were near starving.

You visited 1 branch of the dungeon, and saw 4 of its levels.
You visited the Abyss 1 time.
You also visited: Sewer.

You collected 193 gold pieces.

Inventory:

Hand Weapons
 a - a +1 falchion (weapon)
Missiles
 i - a boomerang
 p - 5 poisoned darts (quivered)
Armour
 b - a +0 leather armour (worn)
 g - a +0 buckler (worn)
Jewellery
 h - a +3 ring of protection (left hand)
 j - a +3 ring of intelligence (right hand)
Scrolls
 d - a scroll of remove curse {unknown}
 k - a scroll of blinking {unknown}
Potions
 e - a potion of curing
 f - a potion of heal wounds {unknown}
 l - a potion of stabbing {unknown}
 n - a potion of berserk rage {unknown}
 o - a potion of invisibility {unknown}
 q - a potion of resistance {unknown}
Comestibles
 c - 5 rations


   Skills:
 * Level 5.0 Fighting
 * Level 5.6 Long Blades
 - Level 1.0 Throwing
 + Level 3.1 Armour
 + Level 1.6 Dodging
 * Level 1.5 Shields
 * Level 3.4 Invocations


You had 6 spell levels left.
You didn't know any spells.
Your spell library was empty.

Dungeon Overview and Level Annotations

Branches:
Dungeon (4/15)              Sewer (visited)
 Temple: D:4-7

Altars:
Cheibriados
Dithmenos
Gozag

Annotations:
D:4 Dowan, Duvessa


Innate Abilities, Weirdness & Mutations

You cannot be hasted, slowed, berserked, paralysed or teleported.
You can dig through walls and to a lower floor.
Your four strong arms can wield two-handed weapons with a shield.
You have a pair of large antennae on your head. (SInv)


Message History

Duvessa hits you but does no damage.
Dowan gestures wildly while chanting.
Dowan blinks!
Duvessa says, "When magic and the sword combine, nothing stands against them."
Duvessa hits you with a +0 short sword.
You hit Duvessa.
Duvessa is severely wounded.
Duvessa hits you with a +0 short sword!
* * * LOW HITPOINT WARNING * * *
You closely miss Duvessa.
Duvessa is severely wounded.
Duvessa barely misses you. Duvessa hits you with a +0 short sword!
* * * LOW HITPOINT WARNING * * *
Okay, then.
Okay, then.
It was a potion of degeneration.
There was something very wrong with that liquid.
You feel weakened.
You feel dopey.
You feel clumsy. Duvessa hits you with a +0 short sword.
You die...

+......#
+......#
#......#
#......#
#......#
####......#
...(...e..# #e#
#@# #.#
.#######.#
.........#
########.#######
#..........#
#.#.######.#
#.#......#.#
#.....#.##.#


You could see Duvessa (fast) and Dowan.

Vanquished Creatures
  4 bullfrogs
  Terence (D:2)
  Natasha (thrice) (D:2)
  3 adders
  12 oozes
  2 worms
  A dart slug (D:1)
  13 leopard geckos
  10 ball pythons
  8 bats
  15 giant cockroaches
  6 goblins
  8 hobgoblins
  2 jackals (D:1)
  5 kobolds
  14 frilled lizards
  9 rats
116 creatures vanquished.

Notes
Turn   | Place    | Note
-------+----------+-------------------------------------------
     0 | Abyss:1  | Esekla the Formicid Abyssal Knight began the quest for the
                  | Orb.
     0 | Abyss:1  | Reached XP level 1. HP: 18/18 MP: 2/2
    64 | Abyss:2  | Noticed a blink frog
    64 | Abyss:2  | Noticed a blink frog
    65 | Abyss:2  | Noticed a rakshasa
    72 | D:1      | Escaped the Abyss
   240 | D:1      | Reached XP level 2. HP: 20/25 MP: 3/3
   443 | D:2      | Noticed Terence
   621 | D:2      | Noticed Natasha
   831 | D:1      | Reached XP level 3. HP: 30/30 MP: 4/4
   913 | D:2      | Killed Natasha
   913 | D:2      | Reached skill level 1 in Dodging
   913 | D:2      | Reached XP level 4. HP: 6/37 MP: 5/5
  1487 | D:3      | Reached ** piety under Lugonu
  1516 | D:3      | Noticed a bullfrog
  1533 | D:3      | Killed a bullfrog
  1533 | D:3      | Reached XP level 5. HP: 31/43 MP: 6/6
  1576 | D:3      | Found a snail-covered altar of Cheibriados.
  1883 | D:3      | Found a glowing drain.
  1904 | Sewer    | Entered a sewer
  1948 | Sewer    | Reached XP level 6. HP: 48/49 MP: 7/7
  1978 | Sewer    | Reached skill level 1 in Throwing
  2092 | Sewer    | Reached *** piety under Lugonu
  2326 | Sewer    | Reached skill level 5 in Long Blades
  2333 | Sewer    | Reached skill level 1 in Shields
  2333 | Sewer    | Reached XP level 7. HP: 11/55 MP: 9/9
  2879 | D:2      | Killed Terence
  2990 | D:2      | Noticed Natasha
  3001 | D:2      | Killed Natasha
  3006 | D:2      | Noticed Natasha
  3096 | D:2      | Killed Natasha
  3417 | D:2      | Found a shadowy altar of Dithmenos.
  3417 | D:2      | Found an opulent altar of Gozag.
  3882 | D:4      | Reached skill level 5 in Fighting
  3920 | D:4      | Noticed Duvessa
  3920 | D:4      | Noticed Dowan
  3944 | D:4      | Slain by Duvessa

Illustrated notes

Levels and vault maps discovered:
D:1:      dpeg_arrival_connections, layout_rooms
D:2:      layout_loops_ring, gammafunk_temple_overflow_elements, uniq_natasha,
          uniq_terence
D:3:      layout_loops_ring, cheibriados_altar_1, gup_sewer_entry_bubbles
D:4:      layout_basic, kennysheep_generic_room_7, uniq_duvessa

Skill      XL: |  1  2  3  4  5  6  7 |
---------------+----------------------+-----
Fighting       | 4 5 |  5.0
Dodging        | 1 |  1.6
Long Blades    | 4 5 |  5.6
Throwing       | 1 |  1.0
Invocations    | 3 |  3.4
Shields        | 1 |  1.5
Armour         | 3 |  3.1

Action                   |  1- 3 |  4- 6 |  7- 9 || total
-------------------------+-------+-------+-------++-------
Melee: Falchion          |    52 |   186 |    97 ||   335
Throw: Boomerang         |       |    81 |       ||    81
       Dart              |       |     3 |     4 ||     7
  Use: Scroll            |       |     4 |       ||     4
       Potion            |       |     1 |     1 ||     2
 Stab: Sleeping          |       |     1 |       ||     1
  Eat: Chunk             |       |     5 |     4 ||     9
Armor: Leather armour    |    36 |    75 |    20 ||   131
Dodge: Dodged            |    49 |   105 |    40 ||   194
Block: Buckler           |       |    18 |    12 ||    30
       Rpst.: Falchion   |    18 |    34 |    16 ||    68

Table legend:
 A = Non-vault XP
 B = Vault XP
 C = Vault XP percentage of total XP
 D = Non-vault monster count
 E = Vault monster count
 F = Vault count percentage of total count
                 A         B        C        D         E       F
            +---------+---------+-------+---------+---------+-------
      Total |     371 |     429 |  53.6 |      59 |      57 |  49.1
            +---------+---------+-------+---------+---------+-------
        D:1 |      43 |       0 |   0.0 |      25 |       0 |   0.0
        D:2 |     101 |      71 |  41.3 |      11 |       2 |  15.4
        D:3 |     142 |      19 |  11.8 |      22 |       8 |  26.7
        D:4 |      85 |       0 |   0.0 |       1 |       0 |   0.0
      Sewer |       0 |     339 | 100.0 |       0 |      47 | 100.0
            +---------+---------+-------+---------+---------+-------
